 Dungeon Crawl Stone Soup version 0.22-a0-538-g76cc104 (webtiles) character file.

111495 Amnesiac the Stormcaller (level 16, -4/99 HPs)
             Began as a Tengu Air Elementalist on June 23, 2018.
             Was a High Priest of Sif Muna.
             Killed from afar by a deep elf sorcerer (32 damage)
             ... with damnation
             ... on level 3 of the Elven Halls.
             The game lasted 01:19:27 (31881 turns).

Amnesiac the Stormcaller (Tengu Air Elementalist)  Turns: 31881, Time: 01:19:27

Health: -4/99      AC: 14    Str:  9    XL:     16   Next: 57%
Magic:  32/36      EV: 42    Int: 25    God:    Sif Muna [*****.]
Gold:   1635       SH: 11    Dex: 15    Spells: 17/46 levels left

rFire    . . .     SeeInvis .   a - staff of air
rCold    . . .     Gourm    .   n - +0 shield
rNeg     . . .     Faith    .   p - +4 ring mail of Salvation {Int+3}
rPois    .         Spirit   .   (helmet restricted)
rElec    +         Reflect  .   m - +1 cloak
rCorr    .         Harm     .   i - +0 pair of gloves
MR       ++...                  (boots unavailable)
Stlth    +.........             E - amulet of the acrobat
HPRegen  0.26/turn              v - ring of protection from magic
MPRegen  0.25/turn              y - +5 ring of evasion

@: flying quickly and evasively, divine energy, quick
A: beak, talons 3, iridescent scales 1, blurry vision 1, able to fly 2
a: Stop Flying, Stop Divine Energy, Channel Magic, Forget Spell, Renounce
Religion


You were on level 3 of the Elven Halls.
You worshipped Sif Muna.
Sif Muna was extremely pleased with you.
You were hungry.

You visited 4 branches of the dungeon, and saw 19 of its levels.
You also visited: Labyrinth.

You collected 2404 gold pieces.
You spent 769 gold pieces at shops.

Inventory:

Hand Weapons
 b - a +8 short sword of venom
Armour
 i - a +0 pair of gloves (worn)
 m - a +1 cloak (worn)
 n - a +0 shield (worn)
 p - the +4 ring mail of Salvation (worn) {Int+3}
   (You found it on level 2 of the Elven Halls)

   It affects your intelligence (+3).
 t - a +2 robe of fire resistance
Magical Staves
 a - an uncursed staff of air (weapon)
Jewellery
 k - an uncursed ring of see invisible
 v - a ring of protection from magic (left hand)
 w - the ring "Hugyot" {rCorr rElec rF+ Str+2 Slay-4 Stlth+}
   (You bought it in a shop on level 8 of the Dungeon)

   [ring of resist corrosion]

   It affects your strength (+2).
   It affects your accuracy and damage with ranged weapons and melee attacks
   (-4).
   It protects you from fire.
   It insulates you from electricity.
   It makes you more stealthy.
 y - a +5 ring of evasion (right hand)
 A - an uncursed ring of protection from cold
 E - an amulet of the acrobat (around neck)
 J - an uncursed ring of poison resistance {unknown}
Wands
 d - a wand of flame (11)
 x - a wand of clouds (2)
 z - a wand of acid (6)
 C - a wand of enslavement (6)
 D - a wand of disintegration (23)
 G - a wand of random effects (17)
Scrolls
 f - 2 scrolls of teleportation {!r}
 g - a scroll of blinking {!r}
 j - 3 scrolls of amnesia {!r}
 q - 7 scrolls of identify {!r}
 r - 7 scrolls of remove curse {!r}
 s - a scroll of enchant armour {!r}
 u - 6 scrolls of magic mapping {!r}
 F - a scroll of silence {!r}
Potions
 e - 2 potions of flight {!q}
 h - 2 potions of cancellation {!q}
 l - 2 potions of mutation {!q}
 o - 2 potions of might {!q}
 B - a potion of curing {!q}
 I - 2 potions of lignification {!q}
 K - a potion of ambrosia {!q, unknown}
Comestibles
 c - 17 rations


   Skills:
 + Level 10.6 Fighting
 + Level 10.8 Dodging
 - Level 2.0 Stealth
 + Level 10.7 Shields
 * Level 15.9 Spellcasting
 - Level 1.3 Conjurations
 + Level 16.0 Air Magic
 - Level 8.0 Invocations


You had 17 spell levels left.
You knew the following spells:

 Your Spells              Type           Power        Failure   Level  Hunger
a - Airstrike             Air            #######...   1%          4    None
b - Passwall              Tmut/Erth      ###.....     21%         2    None
c - Deflect Missiles      Chrm/Air       ######....   61%         6    ####...
d - Lightning Bolt        Conj/Air       #######...   11%         5    #......
e - Mephitic Cloud        Conj/Pois/Air  ######..     3%          3    None
f - Summon Lightning Spi  Summ/Air       ######..     4%          4    None
r - Regeneration          Chrm/Necr      ###.......   38%         3    None
v - Blink                 Tloc           N/A          21%         2    None

Your spell library contained the following spells:

 Spells                   Type           Power        Failure   Level  Hunger
 Cause Fear               Hex            ###.......   80%         4    None
 Magic Dart               Conj           ####         8%          1    None
 Conjure Flame            Conj/Fire      ###.....     30%         3    None
 Bolt of Cold             Conj/Ice       ###.......   100%        6    ####...
 Bolt of Magma            Conj/Fire/Erth ###.......   97%         5    #......
 Slow                     Hex            ###.....     21%         2    None
 Throw Frost              Conj/Ice       ###...       16%         2    None
 Venom Bolt               Conj/Pois      ###.......   95%         5    #......
 Bolt of Draining         Conj/Necr      ###.......   95%         5    #......
 Iskenderun's Mystic Bla  Conj           ####....     58%         4    None
 Animate Dead             Necr           N/A          80%         4    None
 Pain                     Necr           ###.         14%         1    None
 Animate Skeleton         Necr           N/A          14%         1    None
 Vampiric Draining        Necr           ###.......   38%         3    None
 Freeze                   Ice            ###.         14%         1    None
 Summon Ice Beast         Ice/Summ       ###.....     80%         4    None
 Ozocubu's Armour         Chrm/Ice       ###.....     38%         3    None
 Call Imp                 Summ           ###.....     21%         2    None
 Dispel Undead            Necr           ###.....     98%         5    #......
 Shock                    Conj/Air       ####         1%          1    None
 Swiftness                Chrm/Air       ######..     1%          2    None
 Agony                    Necr           ###.....     98%         5    #......
 Throw Icicle             Conj/Ice       ###.....     69%         4    None
 Glaciate                 Conj/Ice       ###.......   100%        9    #######
 Flame Tongue             Conj/Fire      ###..        10%         1    None
 Call Canine Familiar     Summ           ###.....     38%         3    None
 Metabolic Englaciation   Hex/Ice        ###.......   98%         5    #......
 Summon Butterflies       Summ           ###.....     14%         1    None
 Silence                  Hex/Air        ######....   14%         5    #......
 Shatter                  Erth           ###.......   100%        9    #######
 Static Discharge         Conj/Air       #######.     1%          3    None
 Corona                   Hex            ###....      14%         1    None
 Alistair's Intoxication  Tmut/Pois      ###.....     98%         5    #......
 Sandblast                Erth           ###...       14%         1    None
 Conjure Ball Lightning   Conj/Air       #######...   50%         6    ####...
 Excruciating Wounds      Chrm/Necr      ###.......   98%         5    #......
 Tornado                  Air            #######...   100%        9    #######
 Leda's Liquefaction      Hex/Erth       ###.......   80%         4    None
 Summon Hydra             Summ           ###.......   100%        7    ######.
 Fulminant Prism          Conj/Hex       ###.......   69%         4    None
 Dazzling Spray           Conj/Hex       ###...       30%         3    None
 Force Lance              Conj/Tloc      ###.....     69%         4    None
 Spectral Weapon          Hex/Chrm       ###.....     38%         3    None
 Searing Ray              Conj           ####..       12%         2    None
 Summon Mana Viper        Hex/Summ       ###.....     98%         5    #......
 Irradiate                Conj/Tmut      ###.......   95%         5    #......
 Borgnjor's Vile Clutch   Necr/Erth      ###.......   98%         5    #......


Dungeon Overview and Level Annotations

Branches:
Dungeon (13/15)            Temple (1/1) D:5            Lair (0/6) D:9
    Orc (2/2) D:9             Elf (3/3) Orc:2        Vaults (0/5) D:13

Altars:
Ashenzari
Cheibriados
Dithmenos
Elyvilon
Fedhas
Gozag
Hepliaklqana
Kikubaaqudgha
Makhleb
Nemelex Xobeh
Okawaru
Qazlal
Ru
Sif Muna
Trog
Uskayaw
Vehumet
Wu Jian
Xom
Yredelemnul
Zin
The Shining One
Beogh

Shops:
D:4 !   D:8 (=%=!   D:11 [   D:13 (   Orc:2 *(=!

Annotations:
D:3 1 runed door, sexinstructor's ghost, amateur MiBe


Innate Abilities, Weirdness & Mutations

You have a beak for a mouth.
You have claws for feet.
You can fly continuously.
You are partially covered in iridescent scales. (AC +2)
Scrolls take you a little longer to read.


Message History

You hear a shout! x4
A deep elf annihilator comes into view. It is wielding a long sword.
An air elemental comes into view.
The deep elf annihilator gestures wildly while chanting.
The deep elf annihilator blinks!
You block the earth elemental's attack.
The deep elf annihilator moves out of view.
The earth elemental completely misses you.
Okay, then.
Unknown command. (m)acro, (M)acro raw, keymap [(k) default, (x) level-map, (t)argeting, (c)onfirm, m(e)nu], (s)ave?
Input macro trigger key: \{-1011} Current Action: af Do you wish to (r)edefine, (c)lear, or (a)bort?
Input macro action: zb Created macro '\{-1011}' => 'zb'. (m)acro, (M)acro raw, keymap [(k) default, (x) level-map, (t)argeting, (c)onfirm, m(e)nu], (s)ave?
Saving macros.
Casting: Lightning Bolt (safe; 11% risk of failure)
Confirm with . or Enter, or press ? or * to list all spells.
Aiming: Passwall (safe; 21% risk of failure)
Press: ? - help, Dir - move target cursor A rock wall.
You begin to meditate on the wall.
You continue meditating on the rock. x2
A fireball appears from out of your range of vision.
The fireball explodes!
The fireball engulfs the earth elemental.
The earth elemental completely resists.
The fireball engulfs the earth elemental.
The earth elemental completely resists.
The fireball engulfs you!
The deep elf annihilator gestures at you while chanting.
The bolt of lightning hits the earth elemental.
The earth elemental completely resists.
The bolt of lightning hits the earth elemental.
The earth elemental completely resists.
The bolt of lightning hits you! You resist.
The earth elemental completely misses you.
You finish merging with the rock.
Unknown command.
You are feeling hungry.
Some walls begin to move on their own!
Some walls begin to move on their own!
You hear a shout!
The deep elf sorcerer mumbles some strange words.
The deep elf sorcerer seems to speed up.
The deep elf elementalist is no longer moving quickly.
Casting: Passwall (safe; 21% risk of failure)
Confirm with . or Enter, or press ? or * to list all spells.
Aiming: Summon Lightning Spire (safe; 4% risk of failure)
Press: ? - help, Dir - move target cursor You feel a surge of power!
An electric hum fills the air.
A trident of holy wrath comes into view.
The deep elf elementalist gestures at you while chanting.
Some walls begin to move on their own!
A deep elf sorcerer comes into view. It is wielding a dagger.
The deep elf sorcerer gestures at you while chanting.
The bolt of acid hits you!
* * * LOW HITPOINT WARNING * * *
You are splashed with acid!
The acid burns!
* * * LOW HITPOINT WARNING * * *
You hear a shout! x4
Okay, then.
The deep elf sorcerer points at you and mumbles some strange words.
The sphere of damnation explodes!
The damnation engulfs you!
You die...

..e...#.. ......'.. .. .........
..E......... ###########.'.####E..
..............E.e.E. #######
.EeE.....E....E..E ......#
########..E##########.e.
......#e.#......@..8..e.(..E.e..E
......#..#.............E.....E...
###ยง..#..#..#########'######..#..
..#...#..# .............#..'..
..#...#..# .............#..#..
..'...#..# .............#..#..
..#E..#..# .............#..#..
..#...e..# .............#..#..
).#E..#..# #######'######..#..


You could see a deep elf sorcerer, a deep elf elementalist, 3 earth elementals
and a friendly lightning spire.

Vanquished Creatures
  A deep elf blademaster (Elf:2)
  2 deep elf sorcerers
  3 deep elf demonologists
  A minotaur (Lab)
  A deep elf death mage (Elf:1)
  A vault guard (D:12)
  3 hydras
  19 two-headed ogres
  5 ogre magi
  21 dancing weapons
  23 deep elf knights
  An unseen horror (D:13)
  An orc knight (Orc:1)
  21 deep elf archers
  Pikel (D:8)
  72 deep elf magi
  An ugly thing (D:13)
  3 cyclopes
  A gargoyle (D:11)
  An efreet (D:13)
  A kobold demonologist (D:13)
  2 trolls (D:11)
  A wind drake (shapeshifter) (Elf:2)
  2 hornets
  Prince Ribbit (D:6)
  10 slime creatures
  3 hippogriffs
  A spriggan (shapeshifter) (Elf:2)
  A vampire (D:13)
  4 air elementals
  A spriggan (D:8)
  4 wraiths
  3 wyverns
  2 fire elementals
  A water elemental (Elf:3)
  A hungry ghost (D:12)
  2 vampire mosquitoes (D:13)
  A warg (Orc:1)
  An acid dragon (D:11)
  3 slaves (D:8)
  3 ice beasts
  9 orc warriors
  An eye of draining (D:12)
  2 necrophages
  3 sky beasts
  32 ogres
  A phantom (D:12)
  8 centaurs
  A gnoll sergeant (D:8)
  4 earth elementals
  7 bullfrogs
  2 wyvern zombies
  A wyvern skeleton (D:12)
  A scorpion (D:8)
  3 killer bees (D:12)
  5 wights (D:13)
  3 jellies
  9 crimson imps
  2 bullfrog zombies
  A centaur zombie (D:5)
  5 hounds
  3 quasits
  3 bullfrog skeletons
  12 orc priests
  6 centaur skeletons
  Terence (D:3)
  4 iguanas
  11 orc wizards
  11 worker ants
  3 worker ant zombies
  6 gnolls
  17 adders
  4 shadow imps
  2 oozes
  3 adder zombies
  An adder skeleton (D:4)
  2 worms
  4 dart slugs
  9 leopard geckos
  56 orcs
  A ball python (D:2)
  3 giant cockroaches
  9 goblins
  10 hobgoblins
  17 jackals
  2 quokkas
  6 bats
  3 frilled lizards (D:3)
  A giant cockroach zombie (D:5)
  9 kobolds
  9 rats
558 creatures vanquished.

Vanquished Creatures (collateral kills)
  A deep elf sorcerer (Elf:3)
  A deep elf annihilator (Elf:1)
  A deep elf high priest (Elf:3)
  2 deep elf archers
  2 deep elf magi (Elf:3)
  A water elemental (Elf:3)
8 creatures vanquished.

Vanquished Creatures (others)
  A dream sheep (shapeshifter) (D:13)
  A fire elemental (Elf:1)
  A big kobold (D:8)
  4 kobolds (D:8)
  4 fungi (Elf:2)
  5 plants
16 creatures vanquished.

Grand Total: 582 creatures vanquished

Notes
Turn   | Place    | Note
-------+----------+-------------------------------------------
     0 | D:1      | Amnesiac the Tengu Air Elementalist began the quest for the Orb.
     0 | D:1      | Reached XP level 1. HP: 10/10 MP: 4/4
   322 | D:2      | Reached XP level 2. HP: 16/16 MP: 1/6
   499 | D:2      | Found a shadowy altar of Dithmenos.
   538 | D:2      | Reached skill level 1 in Fighting
   569 | D:2      | Reached XP level 3. HP: 17/20 MP: 5/7
   829 | D:3      | Reached XP level 4. HP: 25/25 MP: 5/8
   835 | D:3      | Learned a level 4 spell: Airstrike
  1102 | D:3      | Reached skill level 5 in Air Magic
  1136 | D:3      | Gained mutation: You can fly. [Tengu growth]
  1136 | D:3      | Reached XP level 5. HP: 26/30 MP: 9/9
  1608 | D:3      | Reached XP level 6. HP: 36/36 MP: 6/10
  1609 | D:3      | Reached skill level 5 in Dodging
  1649 | D:4      | Found Tommutoim's Distillery.
  1757 | D:4      | Bought a potion of heal wounds for 70 gold pieces
  2278 | D:4      | Reached skill level 6 in Air Magic
  2478 | D:5      | Entered Level 5 of the Dungeon
  2486 | D:5      | Reached XP level 7. HP: 39/41 MP: 6/11
  3035 | D:5      | Found a burning altar of Makhleb.
  3471 | D:5      | Reached skill level 7 in Air Magic
  3471 | D:5      | Reached XP level 8. HP: 28/48 MP: 9/12
  3692 | D:5      | Found a staircase to the Ecumenical Temple.
  3730 | Temple   | Entered the Ecumenical Temple
  3875 | Temple   | Became a worshipper of Sif Muna the Loreminder
  5263 | D:2      | Found a sacrificial altar of Ru.
  5263 | D:2      | Found a bloodstained altar of Trog.
  5586 | D:3      | Noticed Terence
  5600 | D:3      | Killed Terence
  5653 | D:3      | Found a runed door.
  5658 | D:3      | Noticed sexinstructor's ghost (amateur MiBe)
  6430 | D:5      | Learned a level 3 spell: Mephitic Cloud
  6433 | D:5      | Learned a level 2 spell: Blink
  6465 | D:6      | Reached * piety under Sif Muna
  6477 | D:6      | Reached skill level 5 in Spellcasting
  6719 | D:6      | Noticed Prince Ribbit
  6843 | D:6      | Killed Prince Ribbit
  6843 | D:6      | Reached XP level 9. HP: 52/52 MP: 0/20
  6913 | D:6      | Reached ** piety under Sif Muna
  8011 | D:7      | Learned a level 5 spell: Lightning Bolt
  8165 | D:8      | Reached skill level 8 in Air Magic
  8167 | D:8      | Found Mevoeci's Jewellery Emporium.
  8174 | D:8      | Found Bisam's Antique Weapon Boutique.
  8178 | D:8      | Found Licwak's Food Shop.
  8221 | D:8      | Found Osoybiets's Distillery.
  8233 | D:8      | Noticed Pikel
  8253 | D:8      | Killed Pikel
  8335 | D:8      | Reached skill level 9 in Air Magic
  8367 | D:8      | Found Cukimm's Jewellery Boutique.
  8424 | D:8      | Reached *** piety under Sif Muna
  8424 | D:8      | Reached XP level 10. HP: 56/56 MP: 5/24
  8500 | D:8      | Noticed a two-headed ogre
  8671 | D:8      | Killed a two-headed ogre
  9129 | D:9      | Reached skill level 10 in Spellcasting
  9129 | D:9      | Reached skill level 10 in Air Magic
  9388 | D:9      | Found a staircase to the Orcish Mines.
  9453 | D:9      | Found a staircase to the Lair.
  9516 | D:9      | Found a basalt altar of Yredelemnul.
  9638 | D:9      | Found a bloodstained altar of Trog.
  9777 | D:9      | Found a white marble altar of Elyvilon.
  9947 | D:10     | Entered Level 10 of the Dungeon
 10150 | D:10     | Reached **** piety under Sif Muna
 10609 | D:11     | Found a labyrinth entrance.
 10612 | D:11     | Reached skill level 11 in Air Magic
 10626 | D:11     | Noticed a two-headed ogre
 10635 | D:11     | Killed a two-headed ogre
 10635 | D:11     | Reached XP level 11. HP: 54/61 MP: 0/27
 10833 | D:11     | Noticed a six-headed hydra
 10916 | D:10     | Killed a six-headed hydra
 10978 | Lab      | Entered a labyrinth
 11117 | Lab      | Found an exit through the horrors of the Abyss.
 11141 | Lab      | Noticed a minotaur
 11174 | Lab      | HP: 2/61 [minotaur/poisoned javelin (28)]
 11181 | Lab      | Killed a minotaur
 11233 | Lab      | Identified the Reference Book on Enchantment
 11234 | Lab      | Got an ichor-stained dagger
 11278 | D:11     | Gained mutation: Scrolls take you a little longer to read. [potion of mutation]
 11278 | D:11     | Gained mutation: You are partially covered in iridescent scales. (AC +2) [potion of mutation]
 11286 | D:11     | Reached skill level 12 in Air Magic
 11550 | D:11     | Reached ***** piety under Sif Muna
 11552 | D:11     | Identified Sif Muna's Handbook of Excruciating Poisoning (Sif Muna gifted it to you on level 11 of the Dungeon)
 11552 | D:11     | Received a gift from Sif Muna
 11649 | D:11     | Found Ujuariur's Antique Armour Shoppe.
 11657 | D:11     | Bought an embroidered robe for 81 gold pieces
 11748 | D:11     | Noticed a cyclops
 11754 | D:11     | Killed a cyclops
 11754 | D:11     | Reached skill level 1 in Invocations
 12416 | D:11     | Reached skill level 5 in Invocations
 12712 | D:8      | Bought the ring "Hugyot" {rCorr rElec rF+ Str+2 Slay-4 Stlth+} for 343 gold pieces
 12730 | D:8      | Bought an uncursed ring of protection from cold for 275 gold pieces
 13031 | D:12     | Noticed a six-headed hydra
 13037 | D:12     | Killed a six-headed hydra
 13037 | D:12     | Reached XP level 12. HP: 66/66 MP: 0/29
 14137 | Orc:1    | Entered Level 1 of the Orcish Mines
 14137 | Orc:1    | Noticed an ogre mage
 14137 | Orc:1    | Noticed a two-headed ogre
 14140 | Orc:1    | Killed an ogre mage
 14378 | D:13     | Reached skill level 5 in Fighting
 14396 | D:13     | Noticed a vault guard
 14648 | D:13     | Found Riurazxe's Antique Weapon Boutique.
 14653 | D:13     | Reached skill level 1 in Shields
 14752 | D:13     | Noticed a vault guard
 14900 | D:12     | Killed a vault guard
 15093 | D:13     | Noticed a six-headed hydra
 15208 | D:12     | Killed a six-headed hydra
 15208 | D:12     | Reached skill level 5 in Shields
 15423 | D:13     | Found a gate to the Vaults.
 15474 | D:13     | Noticed a vault guard
 15581 | D:13     | Noticed a two-headed ogre
 15594 | D:13     | Killed a two-headed ogre
 15688 | D:13     | Noticed a deep elf knight
 15693 | D:13     | Killed a deep elf knight
 15718 | D:13     | Got a scorched quarterstaff {flame}
 15836 | D:13     | Noticed a centaur warrior
 15856 | D:13     | Noticed a deep elf knight
 15866 | D:13     | Identified the +7 dagger of Upheaval {vamp, MR+} (You found it in a labyrinth)
 15869 | D:13     | Killed a deep elf knight
 16085 | D:13     | Reached XP level 13. HP: 44/74 MP: 15/30
 16507 | Orc:1    | Found a roughly hewn altar of Beogh.
 16528 | Orc:1    | Found a roughly hewn altar of Beogh.
 16941 | Orc:2    | Entered Level 2 of the Orcish Mines
 17151 | Orc:2    | Found a staircase to the Elven Halls.
 17559 | Orc:2    | Found a bloodstained altar of Trog.
 18216 | Elf:1    | Entered Level 1 of the Elven Halls
 18728 | Elf:1    | Reached skill level 13 in Air Magic
 19315 | Orc:2    | Noticed an ogre mage
 19502 | Orc:2    | Found Kotial's Weapon Emporium.
 19502 | Orc:2    | Found Ceblu's Distillery.
 19502 | Orc:2    | Found Jonej's Assorted Antiques.
 19502 | Orc:2    | Found Isiz's Jewellery Emporium.
 19643 | Orc:2    | Noticed an ogre mage
 19650 | Orc:2    | Killed an ogre mage
 19659 | Orc:2    | Killed an ogre mage
 19659 | Orc:2    | Gained mutation: You can fly continuously. [Tengu growth]
 19659 | Orc:2    | Reached XP level 14. HP: 77/82 MP: 2/32
 20526 | Orc:1    | Identified Sif Muna's Papyrus of Stones (Sif Muna gifted it to you on level 1 of the Orcish Mines)
 20526 | Orc:1    | Received a gift from Sif Muna
 20556 | Orc:1    | Learned a level 2 spell: Passwall
 22377 | Elf:1    | Learned a level 3 spell: Regeneration
 22863 | Elf:1    | Reached skill level 10 in Dodging
 23114 | Elf:1    | Noticed a deep elf sorcerer
 23129 | Elf:1    | Killed a deep elf sorcerer
 23129 | Elf:1    | Reached skill level 14 in Air Magic
 23787 | Elf:1    | Identified the Disquisition on Conjuration
 24442 | Elf:2    | Reached XP level 15. HP: 73/89 MP: 12/34
 25281 | Elf:2    | Received a gift from Sif Muna
 25290 | Elf:2    | Learned a level 6 spell: Deflect Missiles
 25309 | Elf:2    | Learned a level 4 spell: Summon Lightning Spire
 25715 | Elf:2    | Found a runed gate.
 25717 | Elf:2    | Found a runed gate.
 25717 | Elf:2    | Found a runed gate.
 25750 | Elf:2    | Noticed a deep elf sorcerer
 25797 | Elf:2    | Killed a deep elf sorcerer
 26319 | Elf:2    | Noticed a cacodemon
 26320 | Elf:2    | Noticed a Tzitzimitl
 26615 | Elf:1    | Reached skill level 15 in Air Magic
 26773 | Elf:1    | Reached skill level 15 in Spellcasting
 27880 | Elf:2    | Got a jewelled ring mail
 27993 | Elf:2    | Identified the +4 ring mail of Salvation {Int+3} (You found it on level 2 of the Elven Halls)
 28447 | Elf:2    | Reached skill level 10 in Fighting
 28447 | Elf:2    | Reached skill level 10 in Shields
 28647 | Elf:2    | Noticed a deep elf blademaster
 28977 | Elf:2    | Identified a scroll of acquirement {!r}
 28983 | Elf:2    | Killed a deep elf blademaster
 29164 | Elf:2    | Reached XP level 16. HP: 97/97 MP: 22/36
 29817 | Elf:2    | Identified Zuezid's Handbook of Doomed Conjuration (Sif Muna gifted it to you on level 2 of the Elven Halls)
 29817 | Elf:2    | Received a gift from Sif Muna
 30225 | Elf:3    | Entered Level 3 of the Elven Halls
 31816 | Elf:3    | Reached skill level 16 in Air Magic
 31881 | Elf:3    | Killed from afar by a deep elf sorcerer

Vault maps used:
D:1:      nicolae_arrival_memento_mori, hangedman_abyss_or_decor_lesser_grid,
          st_stairs_3
D:2:      gammafunk_temple_overflow_pools, grunt_dithmenos_smoke_and_mirrors
D:3:      corexii_shack_village, gammafunk_ghost_grave, first_ration,
          kennysheep_generic_room_9, uniq_terence
D:4:      serial_shops, kennysheep_little_box
D:5:      lemuel_round_altar, minmay_temple_entry_glassed_door
D:6:      uniq_prince_ribbit1
D:8:      serial_shops, shop, nicolae_shop_window_shopping, shop,
          nicolae_shop_waterfront, shop, the_bakery,
          eino_small_chamber_without_monster, uniq_pikel
D:9:      kennysheep_ying_yang, dpeg_oklobed_lair, orc_0_dummy,
          roderic_serpentine_path, trog_butcher_becter
D:11:     lab_entry_generic, serial_shops, shop
D:12:     hangedman_decor_growths
D:13:     minmay_the_grid_triangle_9x9_recursive_2,
          lightli_vaults_fourway_checkpoint, serial_shops,
          nicolae_shop_overgrown_old_shop
Temple:   minmay_crystal_spiral_temple
Orc:1:    basic_altar, statue_in_the_mist_lemuel, david_defended_altar_orc
Orc:2:    st_orc_ogre_mass, trog_book
Elf:1:    eino_elf_arrival_customs, minmay_elf_sorcery
Elf:3:    minmay_elf_hall_dome, st_stairs_3, grunt_megastairs_2
Lab:      nicolae_lab_dead_adventurers, labyrinth_skeletal_remains,
          labyrinth_fake_exit, nicolae_lab_garden

Skill      XL: |  1  2  3  4  5  6  7  8  9 10 11 12 13 14 15 16 |
---------------+-------------------------------------------------+-----
Fighting       | 1 2 3 4 6 7 8 10 | 10.6
Dodging        | 3 4 5 7 8 9 10 | 10.8
Air Magic      | 5 6 7 9 11 12 13 14 15 16 | 16.0
Spellcasting   | 6 9 11 12 13 14 15 | 15.9
Invocations    | 6 8 |  8.0
Shields        | 6 7 8 10 | 10.7
Stealth        | |  2.0
Conjurations   | |  1.3

Action                   |  1- 3 |  4- 6 |  7- 9 | 10-12 | 13-15 | 16-18 || total
-------------------------+-------+-------+-------+-------+-------+-------++-------
Melee: Short sword       |     2 |    34 |   205 |   117 |   134 |    33 ||   525
       Kick              |     1 |     7 |    36 |    32 |    30 |     8 ||   114
       Peck              |       |     3 |    31 |    22 |    20 |     4 ||    80
       Unarmed           |       |       |     6 |       |       |       ||     6
       Staff             |       |       |       |       |       |     3 ||     3
 Cast: Shock             |    28 |    89 |    50 |       |       |       ||   167
       Airstrike         |       |       |    85 |   273 |   624 |   145 ||  1127
       Lightning Bolt    |       |       |       |    47 |    14 |       ||    61
       Summon Lightning  |       |       |       |       |     6 |     8 ||    14
       Deflect Missiles  |       |       |       |       |     5 |       ||     5
       Blink             |       |       |       |       |     1 |       ||     1
       Passwall          |       |       |       |       |       |     1 ||     1
Invok: Divine Energy     |       |       |     1 |       |       |       ||     1
       Channel Magic     |       |       |       |       |     2 |       ||     2
 Abil: Fly               |       |       |     4 |    13 |     7 |       ||    24
Evoke: Wand              |       |       |       |     5 |     5 |       ||    10
  Use: Potion            |       |     1 |     1 |    17 |     2 |       ||    21
       Scroll            |       |       |    12 |    15 |     3 |       ||    30
 Stab: Sleeping          |       |     1 |     8 |       |     1 |       ||    10
       Invisible         |       |       |       |     1 |       |       ||     1
  Eat: Chunk             |       |     7 |    23 |    28 |    29 |     2 ||    89
       Ration            |       |       |     2 |     5 |     5 |     1 ||    13
Armor: Robe              |     1 |     7 |    41 |    35 |    19 |       ||   103
       Ring mail         |       |       |       |       |     4 |    13 ||    17
Dodge: Dodged            |     4 |    48 |   187 |   266 |   271 |    62 ||   838
       Deflected         |       |       |       |       |    18 |       ||    18
Block: Shield            |       |       |       |     2 |   171 |    37 ||   210

Table legend:
 A = Spawn XP
 B = Non-spawn XP
 C = Spawn XP percentage of total XP
 D = Spawn monster count
 E = Non-spawn monster count
 F = Spawn count percentage of total count
 G = Total turns spent on level
                    A         B        C        D         E        F      G
               +---------+---------+-------+---------+---------+-------+---------
         Total |       0 |  159279 |   0.0 |       0 |     564 |   0.0 | 31881
               +---------+---------+-------+---------+---------+-------+---------
           D:1 |       0 |      18 |   0.0 |       0 |      13 |   0.0 |   766
           D:2 |       0 |     104 |   0.0 |       0 |      21 |   0.0 |  1079
           D:3 |       0 |     317 |   0.0 |       0 |      49 |   0.0 |  1616
           D:4 |       0 |     411 |   0.0 |       0 |      17 |   0.0 |  1218
           D:5 |       0 |     849 |   0.0 |       0 |      34 |   0.0 |  1606
           D:6 |       0 |    1284 |   0.0 |       0 |      30 |   0.0 |   998
           D:7 |       0 |     370 |   0.0 |       0 |      12 |   0.0 |   676
           D:8 |       0 |    2745 |   0.0 |       0 |      22 |   0.0 |   980
           D:9 |       0 |    1235 |   0.0 |       0 |      12 |   0.0 |  1051
          D:10 |       0 |    2532 |   0.0 |       0 |      16 |   0.0 |   812
          D:11 |       0 |    5653 |   0.0 |       0 |      31 |   0.0 |  1747
          D:12 |       0 |    5880 |   0.0 |       0 |      27 |   0.0 |  2459
          D:13 |       0 |    8931 |   0.0 |       0 |      33 |   0.0 |   902
         Orc:1 |       0 |    3259 |   0.0 |       0 |      18 |   0.0 |  1066
         Orc:2 |       0 |   13793 |   0.0 |       0 |      51 |   0.0 |  2844
         Elf:1 |       0 |   38182 |   0.0 |       0 |      65 |   0.0 |  4725
         Elf:2 |       0 |   55887 |   0.0 |       0 |      81 |   0.0 |  5505
         Elf:3 |       0 |   16660 |   0.0 |       0 |      31 |   0.0 |  1384
           Lab |       0 |    1169 |   0.0 |       0 |       1 |   0.0 |   276
               +---------+---------+-------+---------+---------+-------+---------
